 Dungeon Crawl Stone Soup version 0.31.0-1-g2c135a0 (webtiles) character file.

Game seed: 5562875369580290351

4048 jagoly the Cleaver (level 10, -7/64 HPs)
             Began as a Gargoyle Monk on Feb 2, 2024.
             Was a Believer of the Shining One.
             Mangled by an acid dragon (9 damage)
             ... on level 9 of the Dungeon.
             The game lasted 00:19:54 (3105 turns).

jagoly the Cleaver (Gargoyle Monk)                  Turns: 3105, Time: 00:19:55

Health: -7/64      AC: 20    Str: 20    XL:     10   Next: 24%
Magic:  10/10      EV:  7    Int: 10    God:    the Shining One [**....]
Gold:   401        SH:  0    Dex: 12    Spells: 9/9 levels left

rFire   . . .        n - +3 morningstar (freeze)
rCold   . . .        d - orb {light}
rNeg    + + +        z - +0 plate armour
rPois   ∞            (no helmet)
rElec   +            F - +0 cloak
rCorr   .            B - +1 pair of gloves {Stlth+}
SInv    .            c - +0 pair of boots
Will    .....        (no amulet) Stlth
                     I - ring of positive energy
HPRegen 0.30/turn    (no ring)
MPRegen 0.12/turn

%: no passive effects
@: corroded, glowing
A: sickness immunity, AC +7, negative energy resistance 1, electricity
resistance, torment resistance 1, petrification resistance
a: Renounce Religion, Divine Shield


You were on level 9 of the Dungeon.
You worshipped the Shining One.
The Shining One was pleased with you.
You visited 2 branches of the dungeon, and saw 10 of its levels.

You collected 401 gold pieces.

Inventory:

Hand Weapons
 a - a +2 flail of protection
 b - a +0 hand axe
 n - a +3 morningstar of freezing (weapon)
 y - a +2 spear of flaming
Missiles
 e - 46 stones (quivered)
 r - 13 poisoned darts
 s - 3 throwing nets
 G - 5 javelins
Armour
 c - a +0 pair of boots (worn)
 d - an orb of light (worn)
 z - a +0 plate armour (worn)
 B - a +1 pair of gloves of stealth (worn)
 E - a +2 kite shield
 F - a +0 cloak (worn)
 J - a +2 ring mail of cold resistance
 K - a +0 ring mail of willpower
Jewellery
 w - a ring of magical power
 C - a +6 ring of intelligence
 I - a ring of positive energy (left hand)
Wands
 g - a wand of polymorph (10)
Scrolls
 f - 3 scrolls of poison {unknown}
 j - a scroll of noise {unknown}
 k - 2 scrolls of revelation {unknown}
 q - 5 scrolls of teleportation {unknown}
 t - 6 scrolls of identify {unknown}
 v - a scroll of brand weapon {unknown}
 x - a scroll of enchant weapon {unknown}
 D - 2 scrolls of blinking {unknown}
Potions
 h - 3 potions of curing
 i - a potion of degeneration {unknown}
 l - a potion of lignification {unknown}
 m - 3 potions of heal wounds {unknown}
 o - 2 potions of mutation {unknown}
 p - 2 potions of might {unknown}
 u - a potion of resistance {unknown}
 A - a potion of haste {unknown}
 H - a potion of enlightenment {unknown}
 L - a potion of attraction {unknown}


   Skills:
 - Level 8.0 Fighting
 * Level 10.9 Axes
 - Level 6.0 Armour
 - Level 3.0 Dodging


You had 9 spell levels left.
You didn't know any spells.
Your spell library contained the following spells:

 Spells                   Type           Power      Damage    Failure   Level
 Magic Dart               Conj           0%         1d3       100%        1
 Shock                    Conj/Air       0%         1d3       100%        1
 Searing Ray              Conj           0%         2d4       100%        2
 Hailstorm                Conj/Ice       0%         3d5       100%        3
 Summon Ice Beast         Ice/Summ       0%         N/A       100%        3
 Swiftness                Air            0%         N/A       100%        3
 Airstrike                Air            0%         2d(0-16)  100%        4
 Animate Dead             Necr           0%         N/A       100%        4
 Fulminant Prism          Conj/Alch      0%         3d5       100%        4
 Sculpt Simulacrum        Ice/Alch       0%         N/A       100%        6
 Haunt                    Necr/Summ      0%         N/A       100%        7
 Infestation              Necr           0%         N/A       100%        8


Dungeon Overview and Level Annotations

Branches:
Dungeon (9/15) Zot: 26833  Temple (1/1) D:5 Zot: 5994
   Lair: D:8-11         Orc: D:9-12

Altars:
Ashenzari
Dithmenos
Elyvilon
Gozag
Hepliaklqana
Makhleb
Nemelex Xobeh
Okawaru
Qazlal
Ru
Sif Muna
Trog
Uskayaw
Vehumet
Wu Jian
Xom
Yredelemnul
The Shining One

Shops:
D:5 (


Innate Abilities, Weirdness & Mutations

You are immune to sickness and miasma.
Your stone body is resilient. (AC +7)
You are immune to poison.
You resist negative energy. (rN+)
You are resistant to electric shocks. (rElec)
You are resistant to unholy torment.
You are immune to petrification.


Message History

The wight is almost destroyed.
The wight hits you with a +0 morningstar.
The wight hits you but does no damage.
You hit the wight but do no damage.
The wight is almost destroyed.
The wight hits you but does no damage.
You barely miss the wight.
The wight is almost destroyed.
The wight barely misses you.
You barely miss the wight.
The wight is almost destroyed.
The wight barely misses you.
You impale the wight!!
You destroy the wight!
No target in view!
No target in view!
Items here: )) [[.
Okay, then.
You see here 5 javelins.
G - 5 javelins
Found a stone staircase leading up.
You now have 363 gold pieces (gained 18).
There is a stone staircase leading up here.
You climb upwards.
There is a stone staircase leading down here.
Found a stone staircase leading down.
There is a stone staircase leading down here.
You climb downwards.
Found a sapphire potion, a pair of gloves, 18 gold pieces and a whip.
Found a stone staircase leading down.
There is a stone staircase leading up here.
m - 2 sapphire potions (gained 1)
There are no items here.
There is a stone staircase leading up here.
You climb upwards.
There is a stone staircase leading down here.
Found a yellow potion.
H - a yellow potion A bullfrog comes into view.
The bullfrog croaks.
A bullfrog is nearby!
The bullfrog barely misses you.
You hit the bullfrog. You freeze the bullfrog.
The bullfrog is moderately wounded.
The bullfrog hits you but does no damage. x2
You puncture the bullfrog!
The bullfrog seems to slow down.
You freeze the bullfrog.
The bullfrog is almost dead.
The bullfrog hits you but does no damage.
You hit the bullfrog. You freeze the bullfrog.
You kill the bullfrog!
No target in view!
Found a potion of curing.
h - 3 potions of curing (gained 1)
Found a tubular diamond ring.
I - a ring of positive energy A sky beast comes into view.
I - a ring of positive energy (left hand)
The sky beast hits you but does no damage.
You closely miss the sky beast.
The sky beast hits you but does no damage.
You hit the sky beast. You freeze the sky beast.
The sky beast is moderately wounded.
The sky beast flickers out of sight for a moment.
The sky beast barely misses you.
You impale the sky beast!! You freeze the sky beast.
You kill the sky beast!
Your Axes skill increases to level 9!
No target in view!
No target in view!
No target in view!
No target in view!
Found an escape hatch in the ceiling.
There is an escape hatch in the ceiling here.
A wyvern comes into view.
The wyvern hisses angrily.
A wyvern is nearby!
You hit the wyvern. You freeze the wyvern.
The wyvern is moderately wounded.
The wyvern bites you!
The wyvern bites you but does no damage.
You hit the wyvern. You freeze the wyvern.
The wyvern is moderately wounded.
The wyvern barely misses you.
The wyvern bites you but does no damage.
You hit the wyvern. You freeze the wyvern.
The wyvern is heavily wounded.
The wyvern bites you but does no damage.
You barely miss the wyvern.
The wyvern is heavily wounded.
The wyvern bites you but does no damage. x2
You barely miss the wyvern.
The wyvern is moderately wounded.
The wyvern barely misses you. The wyvern bites you!
You sock the wyvern! You freeze the wyvern.
You kill the wyvern!
Training target 8.0 for Fighting reached!
Your Fighting skill increases to level 8!
No target in view!
No target in view!
An orc comes into view. It is wielding a +0 mace.
The orc shouts!
You hear a shout! x6
An orc comes into view. It is wielding a +1 hand axe of pain.
An orc comes into view.
It is wielding a +0 dagger and wearing a +0 ring mail of willpower.
There are monsters nearby!
An orc comes into view. It is wielding a +0 club.
An orc comes into view. It is wielding a +0 dagger.
An orc warrior comes into view. It is wielding a +0 flail.
You barely miss the orc. The orc hits you but does no damage.
An orc priest comes into view. It is wielding a +0 club.
The orc closely misses you.
You puncture the orc! You freeze the orc.
You kill the orc!
You puncture the orc! You freeze the orc.
You kill the orc!
You sock the orc! You freeze the orc.
You kill the orc!
You barely miss the orc. The orc closely misses you.
An orc comes into view. It is wielding a +0 dagger.
You bludgeon the orc!! You freeze the orc.
You kill the orc!
The orc priest mumbles some strange prayers to Beogh against you.
Beogh smites you!
You completely miss the orc warrior.
The orc warrior hits you but does no damage.
You sock the orc warrior! You freeze the orc warrior.
The orc warrior is severely wounded.
An orc comes into view.
It is wielding a +0 dagger and wearing a +2 ring mail of cold resistance.
The orc warrior hits you with a +0 flail!
* * * LOW HITPOINT WARNING * * *
You are too injured to fight recklessly!
You are too injured to fight recklessly!
Hit: n) +3 morningstar (freeze)
Press: ? - help, Dir - move target, f - orc warrior
Aim: an orc warrior, wielding a +0 flail and wearing a +0 plate armour (severely wounded, haloed, about 19% to evade your +3 morningstar of freezing)
You sock the orc warrior! You freeze the orc warrior.
You kill the orc warrior!
The orc priest looks encouraged for a moment.
Hit: n) +3 morningstar (freeze)
Press: ? - help, Dir - move target, f - orc
Aim: an orc, wielding a +0 dagger and wearing a +0 scale mail (haloed, about 16% to evade your +3 morningstar of freezing)
You hit the orc but do no damage. The orc hits you but does no damage.
The orc priest begins to cast a cantrip, but forgets the words!
The orc hits you with a +0 dagger.
* * * LOW HITPOINT WARNING * * *
Hit: n) +3 morningstar (freeze)
Press: ? - help, Dir - move target, f/p - orc
Aim: an orc, wielding a +0 dagger and wearing a +0 scale mail (haloed, about 16% to evade your +3 morningstar of freezing)
You completely miss the orc. The orc barely misses you.
Hit: n) +3 morningstar (freeze)
Press: ? - help, Dir - move target, f/p - orc
Aim: an orc, wielding a +0 dagger and wearing a +0 scale mail (haloed, about 16% to evade your +3 morningstar of freezing)
You puncture the orc! You freeze the orc.
You kill the orc!
The orc priest casts a cantrip, but nothing happens.
Hit: n) +3 morningstar (freeze)
Press: ? - help, Dir - move target, f - orc
Aim: an orc, wielding a +0 dagger and wearing a +0 leather armour (haloed, about 19% to evade your +3 morningstar of freezing)
You sock the orc! You freeze the orc.
You kill the orc!
Hit: n) +3 morningstar (freeze)
Press: ? - help, Dir - move target, f - orc priest
Aim: an orc priest, wielding a +0 club (haloed, about 19% to evade your +3 morningstar of freezing)
You barely miss the orc priest.
The orc priest hits you but does no damage.
Hit: n) +3 morningstar (freeze)
Press: ? - help, Dir - move target, f/p - orc priest
Aim: an orc priest, wielding a +0 club (haloed, about 19% to evade your +3 morningstar of freezing)
You puncture the orc priest! You freeze the orc priest.
The orc priest is heavily wounded.
The orc priest hits you but does no damage.
Hit: n) +3 morningstar (freeze)
Press: ? - help, Dir - move target, f/p - orc priest
Aim: an orc priest, wielding a +0 club (heavily wounded, haloed, about 19% to evade your +3 morningstar of freezing)
You hit the orc priest. You freeze the orc priest.
The orc priest is severely wounded.
The orc priest hits you but does no damage. x2
Hit: n) +3 morningstar (freeze)
Press: ? - help, Dir - move target, f/p - orc priest
Aim: an orc priest, wielding a +0 club (severely wounded, haloed, about 19% to evade your +3 morningstar of freezing)
You hit the orc priest. You freeze the orc priest.
The orc priest is almost dead.
The orc priest hits you but does no damage.
Hit: n) +3 morningstar (freeze)
Press: ? - help, Dir - move target, f/p - orc priest
Aim: an orc priest, wielding a +0 club (almost dead, haloed, about 19% to evade your +3 morningstar of freezing)
You sock the orc priest! You freeze the orc priest.
You kill the orc priest!
Hit: n) +3 morningstar (freeze)
Press: ? - help, Dir - move target, f - orc
Aim: an orc, wielding a +0 dagger and wearing a +2 ring mail of cold resistance (haloed, about 16% to evade your +3 morningstar of freezing)
You impale the orc!! You freeze the orc.
You kill the orc!
Hit: n) +3 morningstar (freeze)
Press: ? - help, Dir - move target, f - you That would be overly suicidal.
Okay, then.
Unknown command.
Items here: ))))))))) [[[[[ ††††††.
J - a +2 ring mail of cold resistance;
K - a +0 ring mail of willpower An orc priest comes into view.
It is wielding a +0 flail.
The orc priest shouts!
An orc priest is nearby!
The orc priest looks satisfied for a moment.
You puncture the orc priest! You freeze the orc priest.
You kill the orc priest!
You see here a +0 flail.
Items here: ))))))))) [[[ ††††††.
Press: ? - help, v - describe, . - travel The floor.
This square is lit by a halo.
There is an escape hatch in the ceiling here.
A mysterious force pulls you upwards. The hatch slams shut behind you.
Found a leather armour. 4 gnolls come into view.
A gnoll is wielding a +0 club and quivering a throwing net.
The gnoll shouts! x4
An iguana comes into view.
The iguana hisses angrily.
You see here a +0 leather armour.
Found a sapphire potion.
The iguana completely misses you.
The gnoll throws a throwing net.
The throwing net barely misses you.
You completely miss the iguana. The iguana barely misses you.
The iguana bites you! The gnoll closely misses you.
The iguana closely misses you. The gnoll attacks as it pursues you!
The gnoll hits you with a +0 club.
There is a stone staircase leading down here.
You see here a throwing net.
You hit the gnoll. You freeze the gnoll.
The gnoll is severely wounded.
The gnoll completely misses you.
You puncture the gnoll! You freeze the gnoll.
You kill the gnoll!
The iguana falls through a shaft!
The shaft crumbles and collapses.
The gnoll barely misses you. The gnoll hits you but does no damage.
There is a stone staircase leading down here.
You see here a throwing net.
The gnoll hits you but does no damage. The gnoll barely misses you.
The gnoll hits you but does no damage.
Things that are here:
a +0 club; a gnoll corpse You hit the gnoll.
You freeze the gnoll.
The gnoll is moderately wounded.
The gnoll hits you but does no damage. x3
You puncture the gnoll! You freeze the gnoll.
You kill the gnoll!
The gnoll hits you with a +0 spear. x2
* * * LOW HITPOINT WARNING * * *
You thump the gnoll! You freeze the gnoll.
You kill the gnoll!
The gnoll hits you but does no damage. x2
You hit the gnoll. You freeze the gnoll.
The gnoll is moderately wounded.
The gnoll closely misses you.
You hit the gnoll. You freeze the gnoll.
The gnoll is severely wounded.
The gnoll hits you with a +0 spear.
* * * LOW HITPOINT WARNING * * *
You impale the gnoll!! You freeze the gnoll.
You kill the gnoll!
Press: ? - help, v - describe, . - travel, g - get item
Items here: a +0 club; a gnoll corpse.
The floor.
This square is lit by a halo.
s - 3 throwing nets (gained 1)
There is a stone staircase leading down here.
Things that are here:
a +0 club; a gnoll corpse You see here a +0 spear.
m - 3 sapphire potions (gained 1)
Found an escape hatch in the floor.
A howler monkey comes into view.
The howler monkey howls!
The howler monkey hits you but does no damage.
You puncture the howler monkey! You freeze the howler monkey.
You kill the howler monkey!
No target in view!
Found a glowing golden altar of the Shining One.
There is a glowing golden altar of the Shining One here.
You kneel at the altar of the Shining One.
The Shining One welcomes you!
You and your allies can now gain power from killing the unholy and evil.
You can now call upon the Shining One for a divine shield.
HP restored.
There is a stone staircase leading down here.
You climb downwards.
There is a stone staircase leading up here.
A sky beast comes into view.
A sky beast is nearby!
The sky beast hits you but does no damage.
You barely miss the sky beast.
The sky beast hits you but does no damage.
You hit the sky beast. You freeze the sky beast.
The sky beast is lightly wounded.
The sky beast hits you but does no damage.
You hit the sky beast but do no damage.
The sky beast is lightly wounded.
The sky beast flickers out of sight for a moment.
The sky beast barely misses you.
You thump the sky beast! You freeze the sky beast.
The sky beast is heavily wounded.
The sky beast hits you but does no damage.
The sky beast barely misses you.
You puncture the sky beast! You freeze the sky beast.
The sky beast is almost dead.
The sky beast hits you but does no damage.
You sock the sky beast! You freeze the sky beast.
You kill the sky beast!
There is a shaft here.
There is a stone staircase leading down here.
Found a hand axe.
You see here a +0 hand axe.
You see here a +0 hand axe.
There is a stone staircase leading down here.
You climb downwards.
There is a stone staircase leading up here.
Found a stone staircase leading down. 2 yaks come into view.
The yak bellows!
You hear a bellow!
A yak comes into view. x2
The yak bellows!
You see here 18 gold pieces.
You now have 381 gold pieces (gained 18).
A yak comes into view.
You impale the yak!! You freeze the yak!
The yak is almost dead.
The yak gores you but does no damage. The yak gores you!
You hit the yak but do no damage.
The yak is almost dead.
You bludgeon the yak!! You freeze the yak.
The yak is heavily wounded.
The yak barely misses you.
You hit the yak but do no damage.
The yak is heavily wounded.
The yak snorts and paws the ground.
The yak gores you but does no damage.
You sock the yak! You freeze the yak.
The yak is almost dead.
The yak gores you but does no damage.
You hit the yak. You freeze the yak.
You kill the yak!
Your Axes skill increases to level 10!
You have reached level 10!
You puncture the yak! You freeze the yak.
The yak is moderately wounded.
The yak gores you. The yak gores you but does no damage.
You puncture the yak! You freeze the yak.
The yak is severely wounded.
The yak gores you.
You puncture the yak! You freeze the yak.
The yak is almost dead.
The yak gores you.
You hit the yak but do no damage.
The yak is almost dead.
The yak closely misses you.
You puncture the yak! You freeze the yak.
You kill the yak!
You hit the yak but do no damage. The yak gores you!
You hit the yak. You freeze the yak.
The yak is lightly wounded.
The yak barely misses you.
You puncture the yak! You freeze the yak.
The yak is moderately wounded.
The yak gores you but does no damage. x2
You hit the yak. You freeze the yak.
The yak is heavily wounded.
The yak gores you but does no damage.
You sock the yak! You freeze the yak.
The yak is almost dead.
The yak gores you.
You sock the yak! You freeze the yak.
You kill the yak!
You impale the yak!! You freeze the yak!
The yak is severely wounded.
The yak barely misses you.
You barely miss the yak.
The yak is severely wounded.
The yak gores you but does no damage.
You sock the yak! You freeze the yak.
You kill the yak!
You puncture the yak! You freeze the yak.
You kill the yak!
No target in view!
No target in view!
No target in view!
No target in view!
No target in view!
Things that are here:
a yak corpse; a yak corpse; a yak corpse
There is a stone staircase leading down here.
You climb downwards.
There is a stone staircase leading up here.
You climb upwards.
There is a stone staircase leading down here.
You open the door.
There is a stone staircase leading down here.
You climb downwards.
Found a ring mail and a book of Unlife.
There is a stone staircase leading up here.
You climb upwards.
There is a stone staircase leading down here.
Found 20 gold pieces.
Found a murky blue potion.
HP restored.
L - a murky blue potion You now have 401 gold pieces (gained 20).
HP restored.
Found a scroll labelled LITWAYTROM.
t - 6 scrolls labelled LITWAYTROM (gained 1)
There is a stone staircase leading down here.
You climb downwards.
There is a stone staircase leading up here.
Found an escape hatch in the floor.
A wight comes into view. It is wielding a +7 scimitar.
You barely miss the wight. The wight hits you but does no damage.
You impale the wight!!
You destroy the wight!
The Shining One accepts your kill.
No target in view!
Things that are here:
a +7 scimitar; a +0 robe 2 wights come into view.
A wight is wielding a +1 mace of freezing.
You barely miss the wight. The wight hits you but does no damage.
You hit the wight.
The wight is heavily damaged.
The wight hits you but does no damage.
The wight hits you with a +2 long sword.
You hit the wight.
The wight is heavily damaged.
The wight hits you but does no damage.
The wight hits you with a +2 long sword!
You bludgeon the wight!!
You destroy the wight!
The Shining One accepts your kill.
You feel better. The wight hits you but does no damage.
You puncture the wight! You freeze the wight.
The wight is almost destroyed.
The wight closely misses you.
You hit the wight but do no damage.
The wight is almost destroyed.
The wight hits you but does no damage. The wight barely misses you.
You puncture the wight!
You destroy the wight!
The Shining One accepts your kill.
An acid dragon comes into view.
Found 8 gold pieces.
The acid dragon spits acid at you. The splash of acid hits you!!
The acid corrodes you!
Aiming: Polymorph
Press: ? - help, Shift-Dir - straight line, f - acid dragon
Aim: an acid dragon (haloed, will become a wyvern, a killer bee, or a sky beast, chance to affect: 49%)
The acid dragon resists with some effort.
Hit: n) +3 morningstar (freeze)
Press: ? - help, Dir - move target, f/p - acid dragon
Aim: an acid dragon (haloed, about 19% to evade your +3 morningstar of freezing)
You hit the acid dragon but do no damage.
The acid dragon barely misses you. The acid dragon claws you.
* * * LOW HITPOINT WARNING * * *
Hit: n) +3 morningstar (freeze)
Press: ? - help, Dir - move target, f/p - acid dragon
Aim: an acid dragon (haloed, about 19% to evade your +3 morningstar of freezing)
You sock the acid dragon! You freeze the acid dragon.
The acid dragon is heavily wounded.
The acid dragon bites you but does no damage.
The acid dragon claws you but does no damage.
Hit: n) +3 morningstar (freeze)
Press: ? - help, Dir - move target, f/p - acid dragon
Aim: an acid dragon (heavily wounded, haloed, about 19% to evade your +3 morningstar of freezing)
You hit the acid dragon but do no damage.
The acid dragon is heavily wounded.
The acid dragon spits acid at you. The splash of acid hits you!
* * * LOW HITPOINT WARNING * * *
Hit: n) +3 morningstar (freeze)
Press: ? - help, Dir - move target, f/p - acid dragon
Aim: an acid dragon (heavily wounded, haloed, about 19% to evade your +3 morningstar of freezing)
You sock the acid dragon! You freeze the acid dragon.
The acid dragon is almost dead.
The acid dragon bites you.
* * * LOW HITPOINT WARNING * * *
The acid dragon claws you but does no damage.
Hit: n) +3 morningstar (freeze)
Press: ? - help, Dir - move target, f/p - acid dragon
Aim: an acid dragon (almost dead, haloed, about 19% to evade your +3 morningstar of freezing)
You hit the acid dragon. You freeze the acid dragon.
The acid dragon is almost dead.
The acid dragon bites you but does no damage.
The acid dragon claws you but does no damage.
Hit: n) +3 morningstar (freeze)
Press: ? - help, Dir - move target, f/p - acid dragon
Aim: an acid dragon (almost dead, haloed, about 19% to evade your +3 morningstar of freezing)
You hit the acid dragon but do no damage.
The acid dragon is almost dead.
The acid dragon spits acid at you. The splash of acid hits you!
* * * LOW HITPOINT WARNING * * *
The acid dragon bites you!
You die...

#. #######.###
#...# .......#.#
.......#.#
.......#.#
.......#.#
.......#.##
.......#..######
#####.....@D...#
#..........#
#..........#
#..........#
............#
###.....$....#
#..........#
#..........#


You could see an acid dragon (catching breath).

Vanquished Creatures
  Grinder (D:4)
  5 yaks (D:8)
  A wyvern (D:7)
  2 orc warriors
  4 sky beasts
  An ice beast (D:5)
  An ogre (D:5)
  A phantom (D:5)
  A kobold brigand (D:5)
  2 gnoll sergeants
  2 scorpions (D:5)
  4 bullfrogs
  10 wights
  6 killer bees (D:8)
  A howler monkey (D:6)
  2 hounds (D:5)
  2 jellies
  4 orc priests
  2 iguanas
  A sleepcap (D:6)
  Natasha (D:3)
  5 orc wizards
  16 gnolls
  7 adders
  3 white imps
  3 dart slugs
  A ribbon worm (D:3)
  24 orcs
  8 ball pythons
  2 endoplasms
  3 goblins (D:4)
  A hobgoblin (D:3)
  4 jackals (D:4)
  10 kobolds
  2 quokkas
  4 bats
  4 frilled lizards
  5 rats
156 creatures vanquished.

Notes
Turn   | Place    | Note
-------+----------+-------------------------------------------
     0 | D:1      | jagoly the Gargoyle Monk began the quest for the Orb.
     0 | D:1      | Reached XP level 1. HP: 14/14 MP: 1/1
    91 | D:1      | Reached XP level 2. HP: 19/19 MP: 2/2
   156 | D:2      | Reached skill level 3 in Axes
   169 | D:2      | Reached skill level 1 in Armour
   169 | D:2      | Reached XP level 3. HP: 22/23 MP: 3/3
   295 | D:3      | Reached XP level 4. HP: 28/29 MP: 4/4
   432 | D:3      | Found a burning altar of Makhleb.
   440 | D:3      | Found a sacrificial altar of Ru.
   443 | D:3      | Found a hide-covered altar of Uskayaw.
   453 | D:3      | Found an opulent altar of Gozag.
   523 | D:3      | Noticed Natasha
   525 | D:3      | Killed Natasha
   526 | D:3      | Reached XP level 5. HP: 33/33 MP: 5/5
   586 | D:5      | Entered Level 5 of the Dungeon
   586 | D:5      | Found a staircase to the Ecumenical Temple.
   592 | D:5      | Reached skill level 4 in Axes
   597 | Temple   | Entered the Ecumenical Temple
   640 | D:5      | Noticed a kobold brigand
   653 | D:5      | Killed a kobold brigand
   654 | D:5      | Reached XP level 6. HP: 28/39 MP: 6/6
   761 | D:6      | Reached skill level 5 in Axes
   795 | D:5      | Found Eheq's Antique Weapon Emporium.
   819 | D:5      | Reached XP level 7. HP: 32/44 MP: 7/7
   825 | D:4      | Found a basalt altar of Yredelemnul.
   877 | D:5      | Found a hazy altar of Hepliaklqana.
   912 | D:5      | Reached skill level 5 in Fighting
  1183 | D:5      | Reached skill level 6 in Axes
  1292 | D:4      | Reached XP level 8. HP: 50/50 MP: 8/8
  1358 | D:4      | Noticed Grinder
  1378 | D:4      | Killed Grinder
  1441 | D:4      | Reached skill level 5 in Armour
  1531 | D:4      | Found a white marble altar of Elyvilon.
  1689 | D:6      | Reached skill level 7 in Axes
  1922 | D:7      | Reached XP level 9. HP: 45/56 MP: 9/9
  2149 | D:8      | Reached skill level 8 in Axes
  2240 | D:8      | HP: 2/57 [killer bee (6)]
  2349 | D:8      | Found a shadowy altar of Dithmenos.
  2552 | D:7      | Reached skill level 9 in Axes
  2762 | D:6      | Found a glowing golden altar of the Shining One.
  2766 | D:6      | Became a worshipper of the Shining One
  2766 | D:6      | Reached * piety under the Shining One
  2766 | D:6      | Reached ** piety under the Shining One
  2920 | D:8      | Reached skill level 10 in Axes
  2920 | D:8      | Reached XP level 10. HP: 54/64 MP: 10/10
  3105 | D:9      | HP: 2/64 [acid dragon/splash of acid (17)]
  3105 | D:9      | Mangled by an acid dragon

Illustrated notes

Levels and vault maps discovered:
D:1:      lightli_arrival_boilingwater, layout_rooms,
          ebering_ecumenical_altar_mist, minmay_cupped
D:2:      wander_river, layout_basic, basic_altar, dk_vineyard_2, uniq_terence
D:3:      layout_loops_cross, grunt_temple_overflow_cloverleaf, uniq_natasha
D:4:      layout_gridville, elyvilon_altar_1, kennysheep_little_box,
          uniq_grinder
D:5:      layout_loops_cross, kennysheep_mini, minmay_temple_entry_proselytizer,
          serial_shops, nicolae_shop_crystal, lexackson_kobold_supper
D:6:      layout_rooms, marbit_many_paths, minmay_misc_feat_hallway
D:7:      layout_loops_ring, pf_guarded_unrand_meek
D:8:      layout_rooms, grunt_dithmenos_smoke, dk_noncrumbling_2
D:9:      layout_rooms, grunt_temple_overflow_open, erik_orc_1, serial_shops,
          shop, kennysheep_generic_room_16, uniq_gastronok
Temple:   nicolae_temple_bog_church

Skill      XL: |  1  2  3  4  5  6  7  8  9 |
---------------+----------------------------+-----
Axes           | 3 4 5 6 7 10 | 10.9
Armour         | 1 2 3 4 5 6 |  6.0
Dodging        | 3 |  3.0
Fighting       | 4 5 6 8 |  8.0

Action                     |  1- 3 |  4- 6 |  7- 9 | 10-12 || total
---------------------------+-------+-------+-------+-------++-------
  Melee: Hand axe          |     9 |     2 |       |       ||    11
         Flail             |    44 |    91 |   175 |       ||   310
         Morningstar       |       |       |   133 |    30 ||   163
  Throw: Stone             |       |       |     9 |       ||     9
  Evoke: Wand              |       |       |       |     1 ||     1
    Use: Potion            |       |       |     2 |       ||     2
 Armour: Robe              |    43 |     2 |       |       ||    45
         Scale mail        |       |    96 |    53 |       ||   149
         Plate armour      |       |       |   289 |    29 ||   318
  Dodge: Dodged            |    56 |    51 |   134 |     6 ||   247
